 Dungeon Sprint DCSS version 0.13-a0-2776-g5b28ffd (webtiles) character file.

45 JacquesDerrida the Gusty (level 2, 4/17 HPs)
             Began as a High Elf Air Elementalist on Aug 25, 2013.
             Was a Priest of Vehumet.
             Starved to death
             ... in the Dungeon (Sprint VII: "The Pits").
             The game lasted 00:02:24 (478 turns).

JacquesDerrida the Gusty (High Elf Air Elementalist) Turns: 478, Time: 00:02:24

HP   4/17        AC  2     Str  7      XL: 2   Next: 86%
MP   3/5         EV 12     Int 18      God: Vehumet [***...]
Gold 20          SH  0     Dex 15      Spells:  2 memorised,  0 levels left

Res.Fire  : . . .   See Invis. : .   s - +4,+1 elf long sword (flame)
Res.Cold  : . . .   Warding    : .   a - +0 elf robe
Life Prot.: . . .   Conserve   : .   (no shield)
Res.Poison: .       Res.Corr.  : .   (no helmet)
Res.Elec. : .       Clarity    : .   (no cloak)
Sust.Abil.: . .     Spirit.Shd : .   (no gloves)
Res.Mut.  : .       Prev.Telep.: +   (no boots)
Res.Rott. : .       Flight     : .   (no amulet)
Saprovore : . . .                    (no ring)
                                     (no ring)

@: not resistant to hostile enchantments, fairly stealthy
A: no striking features
a: Renounce Religion


You were in the Dungeon.
You worshipped Vehumet.
Vehumet was greatly pleased with you.
You were starving.

You visited 1 branch

Inventory:

Hand weapons
 r - a +2,+1 quarterstaff of protection
 s - a +4,+1 elven long sword of flaming (weapon)
Armour
 a - a +0 elven robe (worn)
Comestibles
 c - 8 bread rations
 j - 40 strawberries
 k - 7 meat rations
Scrolls
 i - a scroll of blinking
 n - 2 scrolls of vulnerability
 o - 3 scrolls of remove curse
 p - 5 scrolls of amnesia
 q - a scroll of summoning
Potions
 d - 6 potions of curing
 e - 5 potions of heal wounds
 f - a potion of speed
 g - 4 potions of magic
 h - 3 potions of berserk rage
 l - 2 potions of invisibility
Books
 b - a book of Air

   Spells                             Type                      Level
   *Shock                             Conjuration/Air              1
   *Swiftness                         Charms/Air                   2
   Repel Missiles                     Charms/Air                   2
   Flight                             Charms/Air                   3
   Static Discharge                   Conjuration/Air              3
   Lightning Bolt                     Conjuration/Air              5
Magical staves
 m - an uncursed staff of energy


   Skills:
 - Level 2.1 Dodging
 - Level 2.1 Stealth
 - Level 1.2 Spellcasting
 + Level 4.5 Conjurations
 + Level 6.1 Air Magic


You couldn't memorise any spells.
You knew the following spells:

 Your Spells              Type           Power        Failure   Level  Hunger
a - Shock                 Conj/Air       ###.         1%          1    ##.....
b - Swiftness             Chrm/Air       ##........   12%         2    ###....


Dungeon Overview and Level Annotations

Branches:
Dungeon (1/1)

Altars:
Ashenzari
Cheibriados
Elyvilon
Fedhas
Kikubaaqudgha
Makhleb
Nemelex Xobeh
Okawaru
Sif Muna
Trog
Vehumet
Xom
Yredelemnul
Zin
the Shining One
Beogh
Jiyva
Lugonu


Message History

You hit the hungry ghost. You burn the hungry ghost.
The hungry ghost is severely damaged.
The hungry ghost barely misses you.
The hungry ghost hits you but does no damage.
You barely miss the hungry ghost.
The hungry ghost is severely damaged.
The hungry ghost hits you.
* * * LOW HITPOINT WARNING * * *
You feel slightly more hungry.
You hit the hungry ghost. You burn the hungry ghost.
The hungry ghost is almost destroyed.
The hungry ghost completely misses you.
You closely miss the hungry ghost.
The hungry ghost is almost destroyed.
The hungry ghost barely misses you.
You miss the hungry ghost.
The hungry ghost is almost destroyed.
The hungry ghost closely misses you.
You have starved to death.
You die...

#..%%.......'...........
#+#####'#####......#..#.
#..#..#..##...........
#.[+..'.%#####'#####++
##%####'###.......#
#........##.......#
#........##.......#
#####p#####...<...#
#....@)[.##.......#
#...)))[.##.......#
###########.......#
#########


You could see a hungry ghost.

Vanquished Creatures
  A giant mite (D)
  An ufetubus (D)
  An orc (D)
  A bat (D)
  2 giant cockroaches (D)
  4 jackals (D)
  A ball python (D)
  A rat (D)
12 creatures vanquished.

Notes
Turn   | Place    | Note
--------------------------------------------------------------
     0 | D        | JacquesDerrida, the High Elf Air Elementalist, began the quest for the Orb.
     0 | D        | Reached XP level 1. HP: 11/11 MP: 4/4
    11 | D        | Reached skill level 4 in Air Magic
    65 | D        | Found a viscous altar of Jiyva.
    65 | D        | Found a corrupted altar of Lugonu.
    65 | D        | Found a sparkling altar of Nemelex Xobeh.
    65 | D        | Found a shimmering altar of Xom.
    65 | D        | Found a deep blue altar of Sif Muna.
    65 | D        | Found a bloodstained altar of Trog.
    66 | D        | Found an iron altar of Okawaru.
    66 | D        | Found a roughly hewn altar of Beogh.
    66 | D        | Found a burning altar of Makhleb.
    66 | D        | Found an ancient bone altar of Kikubaaqudgha.
    66 | D        | Found a glowing silver altar of Zin.
    66 | D        | Found a radiant altar of Vehumet.
    66 | D        | Found a blossoming altar of Fedhas.
    66 | D        | Found a snail-covered altar of Cheibriados.
    66 | D        | Found a white marble altar of Elyvilon.
    66 | D        | Found a basalt altar of Yredelemnul.
    66 | D        | Found a glowing golden altar of the Shining One.
    66 | D        | Found a shattered altar of Ashenzari.
    73 | D        | Became a worshipper of Vehumet
   158 | D        | Acquired Vehumet's first power
   158 | D        | Offered knowledge of Freeze by Vehumet.
   158 | D        | Reached skill level 5 in Air Magic
   158 | D        | Reached XP level 2. HP: 17/17 MP: 5/5
   203 | D        | Noticed a hungry ghost
   367 | D        | Offered knowledge of Throw Frost by Vehumet.
   410 | D        | Acquired Vehumet's second power
   410 | D        | Reached skill level 6 in Air Magic
   423 | D        | Learned a level 2 spell: Swiftness
   478 | D        | Starved to death

Action                   || total
-------------------------++-------
Melee: Staff             ||    13
       Long sword        ||    16
 Cast: Shock             ||    19
  Use: Potion            ||     1
 Stab: Sleeping          ||     1
